 Dungeon Crawl Stone Soup version 0.21.1-1-g345015f (webtiles) character file.

173 lyrx the Conjurer (level 5, -7/35 HPs)
             Began as a Demonspawn Conjurer on Mar 30, 2018.
             Mangled by Menkaure (15 damage)
             ... on level 4 of the Dungeon.
             The game lasted 00:17:24 (3523 turns).

lyrx the Conjurer (Demonspawn Conjurer)             Turns: 3523, Time: 00:17:24

Health: -7/35      AC:  3    Str:  8    XL:     5   Next: 28%
Magic:  0/9        EV: 12    Int: 18    God:
Gold:   147        SH:  0    Dex: 13    Spells: 3/10 levels left

rFire    + . .     SeeInvis .   r - +0 dagger (curse)
rCold    x . .     Gourm    .   (no shield)
rNeg     . . .     Faith    .   a - +0 robe
rPois    .         Spirit   .   (helmet restricted)
rElec    .         Reflect  .   (no cloak)
rCorr    .         Harm     .   (no gloves)
MR       .....                  q - +0 pair of boots
Stlth    ++........             (no amulet)
HPRegen  0.11/turn              t - ring of fire
MPRegen  0.11/turn              v - ring of wizardry

@: very slightly contaminated
A: horns 2
a: no special abilities


You were on level 4 of the Dungeon.
You were hungry.

You visited 1 branch of the dungeon, and saw 4 of its levels.

You collected 147 gold pieces.

Inventory:

Hand Weapons
 f - a +0 short sword
 r - a cursed +0 dagger (weapon)
 x - a +1 falchion of electrocution
Armour
 a - a +0 robe (worn)
 q - a +0 pair of boots (worn)
 s - a +0 buckler
Jewellery
 k - an uncursed ring of stealth
 t - a ring of fire (left hand)
 u - an uncursed ring of flight
 v - a ring of wizardry (right hand)
Wands
 y - a wand of polymorph (19)
Scrolls
 d - 2 scrolls of enchant weapon {unknown}
 e - a scroll of blinking {unknown}
 i - 4 scrolls of teleportation {unknown}
 l - a scroll of enchant armour {unknown}
 m - 2 scrolls of remove curse {unknown}
 p - 5 scrolls of identify {unknown}
 w - a scroll of fear {unknown}
Potions
 g - 3 potions of magic {unknown}
 h - 2 potions of heal wounds {unknown}
 j - a potion of might {unknown}
 n - 2 potions of agility {unknown}
 o - 3 potions of curing {unknown}
Books
 b - a book of Conjurations

   Spells                             Type                      Level
   a - Magic Dart                     Conjuration                  1
   b - Searing Ray                    Conjuration                  2
   c - Dazzling Spray                 Conjuration/Hexes            3
   d - Fulminant Prism                Conjuration/Hexes            4
   e - Force Lance                    Conjuration/Translocation    4
   f - Iskenderun's Mystic Blast      Conjuration                  4
Comestibles
 c - 9 rations


   Skills:
 - Level 1.7 Dodging
 - Level 1.7 Stealth
 + Level 3.0 Spellcasting
 * Level 6.1 Conjurations


You had 3 spell levels left.
You knew the following spells:

 Your Spells              Type           Power        Failure   Level  Hunger
a - Magic Dart            Conj           ###.         1%          1    None
b - Searing Ray           Conj           ###...       1%          2    ##.....
c - Iskenderun's Mystic   Conj           ###.....     5%          4    ####...


Dungeon Overview and Level Annotations

Branches:
Dungeon (4/15)
 Temple: D:4-7

Altars:
Dithmenos
Xom

Annotations:
D:4 Menkaure


Innate Abilities, Weirdness & Mutations

You have a pair of horns on your head.


Message History

You are feeling hungry.
Menkaure barely misses you.
Casting: Searing Ray
Confirm with . or Enter, or press ? or * to list all spells.
Aiming: Searing Ray
Press: ? - help, Shift-Dir - straight line, f/p - Menkaure
Aim: Menkaure (severely damaged, fast)
The searing ray hits Menkaure.
Menkaure is almost destroyed. (Press . to maintain the ray.) Menkaure shouts, "The sands of time shall wipe you from history!"
Menkaure calls on the powers of darkness!
Your body is wracked with pain!
Menkaure calls on the powers of darkness!
Your body is wracked with pain!
* * * LOW HITPOINT WARNING * * *
You hit Menkaure but do no damage.
Menkaure is severely damaged.
Menkaure hits you!
You die...

#..# #.#...#
#..## #...###
#.#.# ##.## #..##
#.# #.## #.# #.#
#.# #.# #.#
#.#########.###.
#....@M.........#
#.#########.#####
#.# ... #.# ..#
#.# #... #.# #.##
#.. .. ##


You could see Menkaure.

Vanquished Creatures
  A scorpion (D:3)
  A howler monkey (D:4)
  3 adders
  An ooze (D:1)
  A worm (D:4)
  3 dart slugs
  5 orcs
  A ball python (D:3)
  6 bats
  5 giant cockroaches
  8 goblins
  7 hobgoblins
  2 jackals (D:2)
  A quokka (D:3)
  A frilled lizard (D:1)
  8 kobolds
  5 rats
59 creatures vanquished.

Notes
Turn   | Place    | Note
-------+----------+-------------------------------------------
     0 | D:1      | lyrx the Demonspawn Conjurer began the quest for the Orb.
     0 | D:1      | Reached XP level 1. HP: 13/13 MP: 3/3
   300 | D:1      | Gained mutation: You have a pair of small horns on your head. [demonic ancestry]
   300 | D:1      | Reached XP level 2. HP: 19/19 MP: 0/5
  1329 | D:2      | Reached skill level 5 in Conjurations
  1329 | D:2      | Reached XP level 3. HP: 24/24 MP: 2/6
  1340 | D:2      | Learned a level 2 spell: Searing Ray
  1676 | D:2      | Found a shimmering altar of Xom.
  2017 | D:3      | HP: 1/24 [dart slug/slug dart (6)]
  2377 | D:3      | Reached XP level 4. HP: 30/30 MP: 3/7
  2953 | D:3      | Gained mutation: You have a pair of horns on your head. [demonic ancestry]
  2953 | D:3      | Reached XP level 5. HP: 33/35 MP: 6/9
  2980 | D:3      | Found a shadowy altar of Dithmenos.
  3367 | D:4      | Noticed Menkaure
  3396 | D:4      | Reached skill level 6 in Conjurations
  3403 | D:4      | Learned a level 4 spell: Iskenderun's Mystic Blast
  3523 | D:4      | Mangled by Menkaure

Skill      XL: |  1  2  3  4  5 |
---------------+----------------+-----
Conjurations   | 5 6 |  6.1
Spellcasting   | 3 |  3.0
Dodging        | |  1.7
Stealth        | |  1.7

Action                   |  1- 3 |  4- 6 || total
-------------------------+-------+-------++-------
Melee: Short sword       |     5 |       ||     5
       Dagger            |     9 |    10 ||    19
       Headbutt          |     1 |     2 ||     3
 Cast: Magic Dart        |    77 |    39 ||   116
       Searing Ray       |     2 |     4 ||     6
  Eat: Ration            |     2 |       ||     2
       Chunk             |     1 |     1 ||     2
Armor: Robe              |     2 |     2 ||     4
Dodge: Dodged            |    10 |     4 ||    14
